 Dungeon Crawl Stone Soup version 0.14-a0-736-g2a71271 (webtiles) character file.

343 PolkaDot the Chopper (level 5, -1/44 HPs)
             Began as a Hill Orc Death Knight on Nov 7, 2013.
             Was a Believer of Yredelemnul.
             Killed from afar by an orc wizard (6 damage)
             ... with a magic dart
             ... on Level 3 of the Dungeon.
             The game lasted 00:05:36 (2064 turns).

PolkaDot the Chopper (Hill Orc Death Knight)        Turns: 2064, Time: 00:05:37

HP  -1/44        AC  4     Str 16      XL: 5   Next: 67%
MP   9/9         EV 11     Int 11      God: Yredelemnul [**....]
Gold 155         SH  0     Dex 11      Spells:  0 memorised,  4 levels left

Res.Fire  : . . .   See Invis. : .   a - +1 orc hand axe
Res.Cold  : . . .   Warding    : .   b - +0 orc leather armour
Life Prot.: . . .   Conserve   : .   (no shield)
Res.Poison: .       Res.Corr.  : .   (no helmet)
Res.Elec. : .       Clarity    : .   (no cloak)
Sust.Abil.: . .     Spirit.Shd : .   f - +0 pair of gauntlets
Res.Mut.  : .       Stasis     : +   (no boots)
Res.Rott. : .       Flight     : +   o - amulet of stasis {unknown}
Saprovore : + . .                    (no ring)
                                     (no ring)

@: confused, flying, slightly resistant to hostile enchantments, very unstealthy
A: saprovore 1
a: Animate Remains, Recall Undead Slaves, Injury Mirror, Renounce Religion


You were on level 3 of the Dungeon.
You worshipped Yredelemnul.
Yredelemnul was pleased with you.
You were not hungry.

You visited 1 branch of the dungeon, and saw 3 of its levels.

You collected 155 gold pieces.

Inventory:

Hand weapons
 a - a +1,+1 orcish hand axe (weapon)
Armour
 b - a +0 orcish leather armour (worn)
 f - a +0 pair of gauntlets (worn)
Comestibles
 c - a meat ration
 g - 7 chunks of orc flesh
 h - 5 bread rations
 m - 2 chokos
 s - a pear
 t - 3 chunks of orc flesh
 x - 2 chunks of orc flesh
Scrolls
 d - a scroll of teleportation {unknown}
 k - a scroll of blinking
 p - a scroll of noise {unknown}
 q - a scroll of enchant weapon I {unknown}
 r - a scroll of recharging {unknown}
 u - a scroll of identify {unknown}
 v - 2 scrolls of remove curse
 w - a scroll of amnesia {unknown}
Jewellery
 j - an uncursed amulet of clarity {unknown}
 l - an uncursed amulet of resist mutation {unknown}
 o - an amulet of stasis (around neck) {unknown}
Potions
 i - a potion of confusion


   Skills:
 + Level 3.7 Fighting
 * Level 5.2 Axes
 + Level 2.3 Armour
 + Level 2.2 Dodging
 - Level 3.6 Invocations


You had 4 spell levels left.
You didn't know any spells.

Dungeon Overview and Level Annotations

Branches:
Dungeon (3/27)

Altars:
the Shining One


Innate Abilities, Weirdness & Mutations

You can tolerate rotten meat.


Message History

Drink which item? (? for menu, Esc to quit)
You feel very buoyant.
You fly up into the air.
It was a potion of flight.
The orc wizard barely misses you.
You swing at nothing.
The orc wizard hits you with an orcish dagger.
* * * LOW HITPOINT WARNING * * *
You swing at nothing.
The orc wizard hits you but does no damage.
You miss the orc wizard.
The orc wizard hits you but does no damage.
You hit the orc wizard.
The orc wizard is moderately wounded.
The orc wizard barely misses you.
You miss the orc wizard.
The orc wizard is moderately wounded.
The orc wizard gestures at you while chanting.
The magic dart hits you!
You die...
Your body rises from the dead as a mindless zombie.

#.# #........
(.....[...# #.#
####..### .#########.#
#.# ..# .# #.# #.# ..#
#.# #.# #.# . ##.# #.#
#.# o..# #.# #.# #..#
#.# #.. #.######..# #.#
.>. +[...@o...#######
#.# ########..#.....#
#.# #..#.###.# #.#
#)%#.# #.# #.#
#######).#.# #.# #.#
..........#.# #.# #.#
########(#.# #.###.#
#.#.# #.....#
...########(#.#######.#


You could see an orc wizard.

Vanquished Creatures
  A crimson imp (D:3)
  An orc wizard (D:3)
  Ijyb (D:2)
  5 adders (D:2)
  A giant gecko (D:3)
  6 orcs (D:3)
  9 goblins
  2 hobgoblins (D:1)
  2 jackals (D:1)
  2 quokkas (D:2)
  A ball python (D:2)
  8 bats
  A giant cockroach (D:3)
  3 giant newts
  11 kobolds
  5 rats
59 creatures vanquished.

Notes
Turn   | Place    | Note
--------------------------------------------------------------
     0 | D:1      | PolkaDot, the Hill Orc Death Knight, began the quest for the Orb.
     0 | D:1      | Reached XP level 1. HP: 17/17 MP: 2/2
    11 | D:1      | Reached skill level 1 in Dodging
    79 | D:1      | Reached XP level 2. HP: 24/24 MP: 4/4
   899 | D:2      | Reached XP level 3. HP: 28/30 MP: 5/5
  1086 | D:2      | Reached skill level 4 in Axes
  1086 | D:2      | Reached XP level 4. HP: 32/37 MP: 7/7
  1119 | D:2      | Noticed Ijyb
  1137 | D:2      | Killed Ijyb
  1139 | D:2      | Acquired Yredelemnul's second power
  1839 | D:3      | Reached XP level 5. HP: 16/44 MP: 9/9
  1890 | D:3      | Found a glowing golden altar of the Shining One.
  2035 | D:3      | Reached skill level 5 in Axes
  2064 | D:3      | Killed from afar by an orc wizard

Action                   |  1- 3 |  4- 6 || total
-------------------------+-------+-------++-------
Melee: Hand axe          |   100 |   122 ||   222
  Use: Scroll            |     3 |       ||     3
       Potion            |       |     3 ||     3
